 Dungeon Crawl Stone Soup version 0.19-a0-450-g98b348d (webtiles) character file.

32 Duffy the Conjurer (level 3, 0/24 HPs)
             Began as a Demonspawn Conjurer on June 1, 2016.
             Slain by an adder (1 damage)
             ... on level 2 of the Dungeon.
             The game lasted 00:01:04 (788 turns).

Duffy the Conjurer (Demonspawn Conjurer)             Turns: 788, Time: 00:01:06

Health: 0/24       AC:  2    Str:  8    XL:     3   Next: 8%
Magic:  7/7        EV: 12    Int: 15    God:
Gold:   0          SH:  0    Dex: 15    Spells: 2 memorised, 4 levels left

rFire  . . .     SeeInvis .     e - +0 dagger
rCold  + . .     Gourm    .     a - +0 robe
rNeg   . . .     Faith    .     (no shield)
rPois  .         Spirit   .     (no helmet)
rElec  .         Dismiss  .     (no cloak)
rCorr  .         Reflect  .     (no gloves)
SustAt .         Harm     .     (no boots)
MR     .....                    (no amulet)
Stlth  ++........               (no ring)
                                i - -2 ring of intelligence (curse)

@: lethally poisoned (0 -> -3), not resistant to hostile enchantments,
unstealthy
A: thin skeletal structure 1, cold resistance 1
a: no special abilities


You were on level 2 of the Dungeon.
You were not hungry.

You visited 1 branch of the dungeon, and saw 2 of its levels.


Innate Abilities, Weirdness & Mutations

You have a somewhat thin skeletal structure. (Dex +2, Stealth)
Your flesh is cold resistant. (rC+)


   Skills:
 - Level 1.7 Dodging
 - Level 1.7 Stealth
 + Level 2.8 Spellcasting
 + Level 4.4 Conjurations


You had 4 spell levels left.
You knew the following spells:

 Your Spells              Type           Power        Failure   Level  Hunger
a - Magic Dart            Conj           ###.         3%          1    #......
s - Searing Ray           Conj           ###...       6%          2    ##.....

Inventory:

Hand Weapons
 e - a +0 dagger (weapon)
Armour
 a - a +0 robe (worn)
Jewellery
 i - a cursed -2 ring of intelligence (left hand)
Scrolls
 f - a scroll of fear
 j - a scroll of teleportation
Potions
 g - 2 potions of curing
Books
 b - a book of Conjurations
Comestibles
 c - a bread ration
 d - 3 fruits
 h - a chunk of flesh

Dungeon Overview and Level Annotations

Branches:
Dungeon (2/15)

Altars:


Message History

You hit the adder.
The adder is severely wounded.
The goblin shouts!
The adder bites you.
You are poisoned.
The adder poisons you! The adder closely misses you.
The goblin moves out of view.
You hit the adder.
The adder is severely wounded.
You feel sick. The adder barely misses you.
You miss the adder.
The adder is severely wounded.
The adder bites you but does no damage.
You hit the adder.
The adder is almost dead.
You feel sick. The adder closely misses you. The goblin barely misses you.
The adder bites you but does no damage.
You barely miss the adder.
The adder is almost dead.
The goblin barely misses you. The adder closely misses you.
You closely miss the adder.
The adder is severely wounded.
You feel sick. The goblin barely misses you. The adder closely misses you.
You hit the adder but do no damage.
The adder is severely wounded.
The adder closely misses you. The goblin closely misses you.
You closely miss the adder.
The adder is severely wounded.
The adder bites you. The goblin hits you. The adder closely misses you.
You barely miss the adder.
The adder is severely wounded.
The goblin misses you. The adder closely misses you.
You closely miss the adder.
The adder is severely wounded.
You feel sick. The goblin hits you. The adder barely misses you.
You barely miss the adder.
The adder is severely wounded.
The adder barely misses you. The goblin closely misses you.
The adder completely misses you.
You miss the adder.
The adder is severely wounded.
The goblin hits you. The adder bites you.
You barely miss the adder.
The adder is severely wounded.
The goblin hits you but does no damage. The adder completely misses you.
You barely miss the adder.
The adder is severely wounded.
You feel sick. The adder bites you. The goblin hits you but does no damage.
The adder bites you.
You die...

#########
##...#...## .
######.........#..
#.<.............#
##.##...........#
#.##.....<.....#
#.###.........#
#........@S...#
#......###g.#...[
#....... ..... .
#%.....## .......
#.###### .......
#. .....(. #
....... .......


You could see an adder and a goblin.

Action                   || total
-------------------------++-------
Melee: Dagger            ||    23
 Cast: Magic Dart        ||    35
  Use: Scroll            ||     5
 Stab: Sleeping          ||     2
Armor: Robe              ||     6
Dodge: Dodged            ||    25

Notes
Turn   | Place    | Note
--------------------------------------------------------------
     0 | D:1      | Duffy the Demonspawn Conjurer began the quest for the Orb.
     0 | D:1      | Reached XP level 1. HP: 13/13 MP: 3/3
   165 | D:1      | Gained mutation: You have a somewhat thin skeletal structure. (Dex +2, Stealth) [demonic ancestry]
   165 | D:1      | Reached XP level 2. HP: 19/19 MP: 0/5
   169 | D:1      | Learned a level 2 spell: Searing Ray
   645 | D:1      | Gained mutation: Your flesh is cold resistant. (rC+) [demonic ancestry]
   645 | D:1      | Reached XP level 3. HP: 24/24 MP: 0/7
   788 | D:2      | Slain by an adder

Vault maps used:
D:1:      dpeg_arrival_orchard
D:2:      nicolae_overflow_crystal_walls, marbit_many_paths,
          lemuel_crystal_altar, lemuel_doored_altar

Vanquished Creatures
  An ooze
  2 dart slugs
  3 bats
  2 giant cockroaches
  5 goblins
  2 hobgoblins
  A giant newt
  3 kobolds
  2 rats
21 creatures vanquished.
